 Dungeon Crawl Stone Soup version 0.21.1-1-g345015f (webtiles) character file.

380 nicolaieve the Cleaver (level 6, -3/52 HPs)
             Began as a Minotaur Berserker on June 19, 2018.
             Was a Priest of Trog.
             Slain by a scorpion (4 damage)
             ... on level 4 of the Dungeon.
             The game lasted 00:11:23 (2779 turns).

nicolaieve the Cleaver (Minotaur Berserker)         Turns: 2779, Time: 00:11:24

Health: -3/52      AC:  5    Str: 21    XL:     6   Next: 46%
Magic:  5/5        EV: 11    Int:  6    God:    Trog [***...]
Gold:   173        SH:  0    Dex: 12    Spells: 5/5 levels left

rFire    . . .     SeeInvis .   a - +0 hand axe
rCold    + . .     Gourm    .   (no shield)
rNeg     . . .     Faith    .   i - +0 ring mail
rPois    .         Spirit   .   (helmet restricted)
rElec    .         Reflect  .   (no cloak)
rCorr    .         Harm     .   (no gloves)
MR       .....                  (no boots)
Stlth    +.........             r - amulet of inaccuracy (curse)
HPRegen  0.17/turn              e - ring of protection from cold
MPRegen  0.09/turn              g - +2 ring of intelligence

@: lethally poisoned (-3 -> -30)
A: retaliatory headbutt, horns 2
a: Berserk, Trog's Hand, Burn Spellbooks, Renounce Religion


You were on level 4 of the Dungeon.
You worshipped Trog.
Trog was most pleased with you.
You were not hungry.

You visited 1 branch of the dungeon, and saw 4 of its levels.

You collected 173 gold pieces.

Inventory:

Hand Weapons
 a - a +0 hand axe (weapon)
Armour
 b - a +0 animal skin
 i - a +0 ring mail (worn)
 m - a +0 leather armour
Jewellery
 e - a ring of protection from cold (left hand)
 g - a +2 ring of intelligence (right hand)
 r - a cursed amulet of inaccuracy (around neck)
Wands
 q - a wand of acid (7)
Scrolls
 f - a scroll of noise
 j - 2 scrolls of magic mapping
 k - a scroll of amnesia
 n - a scroll of teleportation {unknown}
 p - a scroll of enchant weapon {unknown}
 s - a scroll of remove curse
 t - a scroll of blinking {unknown}
Potions
 h - a potion of invisibility
 l - a potion of heal wounds {unknown}
 o - a potion of degeneration
Comestibles
 c - 8 rations
 d - 7 chunks of flesh


   Skills:
 - Level 4.0 Fighting
 + Level 8.6 Axes
 - Level 2.5 Armour
 - Level 2.2 Dodging


You had 5 spell levels left.
You didn't know any spells.

Dungeon Overview and Level Annotations

Branches:
Dungeon (4/15)
 Temple: D:4-7

Altars:
Ashenzari
Gozag
Kikubaaqudgha
Qazlal
Ru
Vehumet
Yredelemnul


Innate Abilities, Weirdness & Mutations

You reflexively headbutt those who attack you in melee.
You have a pair of horns on your head.


Message History

You feel sick. The scorpion stings you!
You miss the scorpion.
The scorpion is moderately wounded.
You feel sick. The scorpion stings you.
* * * LOW HITPOINT WARNING * * *
You are lethally poisoned!
The scorpion poisons you!
You miss the scorpion.
The scorpion is moderately wounded.
* * * LOW HITPOINT WARNING * * *
You feel sick. The scorpion stings you.
* * * LOW HITPOINT WARNING * * *
You are more poisoned.
The scorpion poisons you!
You slash the scorpion! Your headbutt misses the scorpion.
The scorpion is severely wounded.
* * * LOW HITPOINT WARNING * * *
You feel very sick. The scorpion stings you.
You die...

#.. #.# #.# #.# #.#
#######.####.#
.......s...<.# #@#
#.# #.# #%# #####.#
########...#.######
#.......###........#
#......###.....###.#
#.....###...((..##


You could see a scorpion.

Vanquished Creatures
  A water moccasin skeleton (D:4)
  A crimson imp (D:4)
  A bullfrog skeleton (D:4)
  3 orc wizards (D:3)
  A worker ant (D:4)
  Robin (D:2)
  4 gnolls (D:3)
  3 adders
  2 worms
  2 dart slugs (D:1)
  A leopard gecko (D:2)
  9 orcs
  4 giant cockroaches
  6 hobgoblins
  4 jackals (D:2)
  4 quokkas
  A ball python (D:2)
  3 bats
  5 frilled lizards
  13 goblins
  6 kobolds
  7 rats
82 creatures vanquished.

Notes
Turn   | Place    | Note
-------+----------+-------------------------------------------
     0 | D:1      | nicolaieve the Minotaur Berserker began the quest for the Orb.
     0 | D:1      | Reached XP level 1. HP: 19/19 MP: 0/0
   146 | D:1      | Reached XP level 2. HP: 25/27 MP: 1/1
   177 | D:1      | Reached skill level 4 in Axes
   552 | D:2      | Noticed Robin
   560 | D:2      | Killed Robin
   560 | D:2      | Reached ** piety under Trog
   560 | D:2      | Reached XP level 3. HP: 33/33 MP: 2/2
   562 | D:2      | Reached skill level 5 in Axes
   990 | D:2      | Found an ancient bone altar of Kikubaaqudgha.
  1006 | D:2      | Reached XP level 4. HP: 30/40 MP: 3/3
  1176 | D:3      | Reached skill level 6 in Axes
  1341 | D:3      | Reached XP level 5. HP: 27/46 MP: 4/4
  1348 | D:3      | Reached skill level 7 in Axes
  1460 | D:3      | Found a radiant altar of Vehumet.
  1466 | D:3      | Reached *** piety under Trog
  1471 | D:3      | HP: 1/46 [gnoll/spear (3)]
  1954 | D:3      | Found a sacrificial altar of Ru.
  1954 | D:3      | Found a shattered altar of Ashenzari.
  1958 | D:3      | Found an opulent altar of Gozag.
  1959 | D:3      | Found a stormy altar of Qazlal.
  1961 | D:3      | Found a basalt altar of Yredelemnul.
  2670 | D:4      | Noticed a phantom
  2675 | D:4      | Reached skill level 8 in Axes
  2675 | D:4      | Reached XP level 6. HP: 48/52 MP: 5/5
  2779 | D:4      | HP: 1/52 [poisoned by a scorpion]
  2779 | D:4      | Slain by a scorpion

Skill      XL: |  1  2  3  4  5 |
---------------+----------------+-----
Fighting       | 4 |  4.0
Axes           | 4 5 6 8 |  8.6
Armour         | |  2.5
Dodging        | |  2.2

Action                   |  1- 3 |  4- 6 || total
-------------------------+-------+-------++-------
Melee: Hand axe          |    77 |   111 ||   188
       Headbutt          |    11 |    24 ||    35
Invok: Berserk           |     1 |     1 ||     2
  Use: Scroll            |     1 |     6 ||     7
  Eat: Chunk             |     1 |     7 ||     8
Armor: Animal skin       |     8 |     1 ||     9
       Ring mail         |     5 |    20 ||    25
       Leather armour    |     6 |     1 ||     7
Dodge: Dodged            |    42 |    56 ||    98
